 Dungeon Crawl Stone Soup version 0.27.1 (webtiles) character file.

Game seed: 15357993483530985817

94 ZARRMARR the Chopper (level 4, 0/61 HPs)
             Began as a Hill Orc Monk on Aug 28, 2021.
             Succumbed to a scorpion's poison
             ... on level 4 of the Dungeon.
             The game lasted 00:09:31 (2929 turns).

ZARRMARR the Chopper (Hill Orc Monk)                Turns: 2929, Time: 00:09:32

Health: 0/61       AC:  9    Str: 14    XL:     4   Next: 63%
Magic:  4/4        EV:  9    Int: 10    God:
Gold:   734        SH:  0    Dex: 13    Spells: 3/3 levels left

rFire    . . .     SeeInvis .   a - +0 hand axe
rCold    . . .     Faith    .   (no shield)
rNeg     + + .     Spirit   .   o - +1 scale mail {rN+}
rPois    .         Reflect  .   m - +1 helmet
rElec    .         Harm     .   (no cloak)
rCorr    .         Rampage  .   (no gloves)
Will     .....                  (no boots)
Stlth    ..........             (no amulet)
HPRegen  0.20/turn              c - ring of positive energy
MPRegen  0.09/turn              (no ring)

@: berserking, lethally poisoned (0 -> -7), very quick
A: no striking features
a: no special abilities


You were on level 4 of the Dungeon.
You visited 1 branch of the dungeon, and saw 4 of its levels.

You collected 734 gold pieces.

Inventory:

Hand Weapons
 a - a +0 hand axe (weapon)
Missiles
 l - 43 stones (quivered)
Armour
 m - a +1 helmet (worn)
 o - a +1 scale mail of positive energy (worn)
Magical Staves
 f - a staff of cold
Jewellery
 c - a ring of positive energy (left hand)
Wands
 n - a wand of digging (4)
 p - a wand of flame (21)
Scrolls
 g - 3 scrolls of immolation
 i - a scroll of amnesia {unknown}
 j - 2 scrolls of teleportation {unknown}
 k - a scroll of fog {unknown}
Potions
 b - a potion of curing
 e - a potion of lignification {unknown}
 h - a potion of resistance {unknown}
 q - a potion of cancellation {unknown}
 r - a potion of might {unknown}
 s - a potion of brilliance {unknown}
 t - a potion of magic {unknown}


   Skills:
 + Level 4.5 Fighting
 + Level 5.8 Axes
 + Level 1.6 Armour
 - Level 2.4 Dodging
 - Level 1.5 Stealth


You had 3 spell levels left.
You didn't know any spells.
Your spell library was empty.

Dungeon Overview and Level Annotations

Branches:
Dungeon (4/15)
 Temple: D:4-7

Altars:


Message History

The adder is severely wounded.
You feel sick. The adder bites you but does no damage.
You hit the adder.
You kill the adder!
You feel sick.
You hit the endoplasm.
The endoplasm is moderately wounded.
You feel sick. The endoplasm misses you.
You slash the endoplasm!
You kill the endoplasm!
You feel sick. The scorpion stings you.
You hit the scorpion but do no damage.
You feel sick. The scorpion stings you.
* * * LOW HITPOINT WARNING * * *
Unknown command.
You barely miss the scorpion.
You feel sick.
You are no longer poisoned.
The scorpion stings you but does no damage.
You slash the scorpion!
The scorpion is moderately wounded.
The scorpion stings you!
* * * LOW HITPOINT WARNING * * *
It was a potion of berserk rage.
A red film seems to cover your vision as you go berserk!
You feel yourself moving faster!
You feel mighty! The scorpion stings you.
* * * LOW HITPOINT WARNING * * *
You are lethally poisoned!
The scorpion poisons you!
The scorpion stings you but does no damage.
You are too berserk!
You hit the scorpion.
The scorpion is heavily wounded.
* * * LOW HITPOINT WARNING * * *
You feel sick.
You closely miss the scorpion.
The scorpion is heavily wounded.
* * * LOW HITPOINT WARNING * * *
You feel sick. The scorpion completely misses you.
You slash the scorpion!
The scorpion is almost dead.
You die... ...##################### (.(..Zs@..[............. ...#####################

You could see a scorpion and an adder skeleton.

Vanquished Creatures
  A hound (D:4)
  An adder (D:4)
  A worm (D:2)
  An orc (D:3)
  5 endoplasms
  2 giant cockroaches
  6 goblins
  A hobgoblin (D:3)
  3 jackals (D:1)
  3 quokkas (D:1)
  6 ball pythons
  6 bats
  4 frilled lizards
  6 kobolds
  3 rats (D:1)
49 creatures vanquished.

Notes
Turn   | Place    | Note
-------+----------+-------------------------------------------
     0 | D:1      | ZARRMARR the Hill Orc Monk began the quest for the Orb.
     0 | D:1      | Reached XP level 1. HP: 19/19 MP: 1/1
    79 | D:1      | Reached XP level 2. HP: 13/27 MP: 2/2
   985 | D:1      | Reached XP level 3. HP: 23/33 MP: 3/3
  1227 | D:2      | Identified a scroll of acquirement
  1228 | D:2      | Acquired 639 gold pieces
  1269 | D:2      | Reached skill level 5 in Axes
  1277 | D:2      | Found a faded altar of an unknown god.
  2907 | D:4      | Noticed a scorpion
  2909 | D:4      | Reached skill level 1 in Armour
  2909 | D:4      | Reached XP level 4. HP: 30/41 MP: 4/4
  2927 | D:4      | HP: 3/61 [poisoned by a scorpion]
  2928 | D:4      | HP: 1/61 [poisoned by a scorpion]
  2929 | D:4      | Succumbed to a scorpion's poison

Illustrated notes

Levels and vault maps discovered:
D:1:      noname_arrival_rooms_in_the_neighbourhood, layout_loops_ring
D:2:      layout_rooms, ebering_ecumenical_altar_rust
D:3:      layout_basic
D:4:      layout_basic, kennysheep_orc_sif_temple,
          lemuel_coloured_pillars_altar, uniq_sigmund

Skill      XL: |  1  2  3 |
---------------+----------+-----
Fighting       | 4 |  4.5
Axes           | 5 |  5.8
Armour         | 1 |  1.6
Dodging        | |  2.4
Stealth        | |  1.5

Action                   |  1- 3 |  4- 6 || total
-------------------------+-------+-------++-------
Melee: Hand axe          |   150 |    20 ||   170
Throw: Stone             |    24 |       ||    24
  Use: Scroll            |     5 |       ||     5
       Potion            |       |     1 ||     1
 Stab: Sleeping          |     2 |       ||     2
Armor: Robe              |    11 |       ||    11
       Ring mail         |    20 |       ||    20
       Scale mail        |    16 |    10 ||    26
Dodge: Dodged            |    86 |     6 ||    92
